[Event "Titled Tuesday Blitz August 17 2021"]
[White "Karavaeva, Olga"]
[Black "Nurmanova, Alua"]
[WhiteFideId "4124111"]
[BlackFideId "13729390"]
[WhiteElo "2105"]
[BlackElo "1869"]
[Result "1/2-1/2"]
[Round "09"]
[TimeControl "180+1"]
[Date "2021.08.18"]
[WhiteClock "0:00:20"]
[BlackClock "0:00:17"]

1. c4 Nf6 2. Nc3 g6 3. g3 Bg7 4. Bg2 O-O 5. e3 e5 6. Nge2 Re8 7. O-O c6 8. d4 e4 9. d5 cxd5 10. Nxd5 Nc6 11. Nec3 d6 12. Qe2 Nxd5 13. Nxd5 Be6 14. Nf4 f5 15. Rd1 Qc7 16. Rb1 Bf7 17. b3 Rad8 18. Ba3 Ne5 19. Nd5 Bxd5 20. Rxd5 Nd3 21. Qd2 Be5 22. Bf1 Nc5 23. Rd1 b6 24. Bb2 Ne6 25. Be2 h6 26. h4 Qg7 27. Bxe5 dxe5 28. Qb4 Qc7 29. Qb5 Nc5 30. Qb4 Kg7 31. Qd2 Ne6 32. Rd7+ Rxd7 33. Qxd7+ Re7 34. Qb5 Nc5 35. Qb4 Rd7 36. Qc3 Rxd1+ 37. Bxd1 Qd6 38. Be2 Nd3 39. Kf1 Kf7 40. a4 a5 41. Bd1 Nxf2 42. Kxf2 Qxd1 43. Qxe5 Qf3+ 44. Kg1 Qxe3+ 45. Kh2 Qe2+ 46. Kh1 Qd1+ 47. Kh2 Qd7 48. h5 gxh5 49. Qh8 Kg6 50. Qg8+ Qg7 51. Qe6+ Qf6 52. Qg8+ Qg7 53. Qe6+ Qf6 54. Qg8+ Qg7 1/2-1/2


[Site "https://www.chess.com"]

[Event "Titled Tuesday Blitz August 17 2021"]
[White "Karttunen, Mika"]
[Black "Damjanovic, Vladimir"]
[WhiteFideId "502081"]
[BlackFideId "903795"]
[WhiteElo "2343"]
[BlackElo "2374"]
[Result "0-1"]
[Round "09"]
[TimeControl "180+1"]
[Date "2021.08.17"]
[WhiteClock "0:00:05"]
[BlackClock "0:00:05"]

1. e4 c5 2. Nf3 d6 3. d4 cxd4 4. Nxd4 Nf6 5. Nc3 a6 6. Be2 e5 7. Nb3 Be7 8. Be3 Be6 9. a4 Nc6 10. Nd5 Bxd5 11. exd5 Nb4 12. c4 a5 13. O-O b6 14. f4 Nd7 15. fxe5 Nxe5 16. Nd4 Bg5 17. Bf2 O-O 18. Nb5 g6 19. Ra3 Na6 20. Rh3 Nc5 21. b3 Qd7 22. Bd4 Rae8 23. Kh1 Re7 24. Rg3 Bh6 25. Bxc5 bxc5 26. Rf6 Bg7 27. Rxd6 Qf5 28. Bf1 h5 29. h3 Qf4 30. Rc3 Nd7 31. Rf3 Qg5 32. Rxd7 Rxd7 33. d6 Rfd8 34. Qd5 Qxd5 35. cxd5 Be5 36. Bc4 Bxd6 37. Rf6 Kg7 38. Rf1 Be5 39. g4 hxg4 40. hxg4 Rh8+ 41. Kg2 Rh2+ 42. Kf3 f6 43. Ke4 Re7 44. Kf3 Rd7 45. Rd1 Rh3+ 46. Kg2 Rg3+ 47. Kf2 Rxg4 48. d6 Rf4+ 49. Ke3 Rh4 50. Be6 Rd8 51. d7 f5 52. Rd5 Kf6 53. Rxe5 Kxe5 54. Bf7 Rxd7 55. Bxg6 Rh3+ 56. Ke2 Rg7 0-1


[Site "https://www.chess.com"]

[Event "Titled Tuesday Blitz August 17 2021"]
[White "Khabinets, Ivan"]
[Black "Gedgafov, Chamal"]
[WhiteFideId "14115980"]
[BlackFideId "34130621"]
[WhiteElo "2114"]
[BlackElo "2005"]
[Result "1-0"]
[Round "09"]
[TimeControl "180+1"]
[Date "2021.08.18"]
[WhiteClock "0:00:08"]
[BlackClock "0:00:01"]

1. e4 e6 2. d4 d5 3. e5 c5 4. c3 Qb6 5. Nf3 Nc6 6. Bd3 cxd4 7. cxd4 Bd7 8. O-O Nxd4 9. Nbd2 Nxf3+ 10. Nxf3 Bc5 11. a3 a5 12. Qe2 Ne7 13. Bg5 h6 14. Bf4 Ng6 15. Bg3 a4 16. Rfc1 O-O 17. h4 Rfc8 18. Rc2 Bd4 19. h5 Ne7 20. Rd2 Bc5 21. Bc2 Bb5 22. Qd1 Bc4 23. Bh4 Bb3 24. Bxb3 axb3 25. Rd3 Nf5 26. Rxb3 Qa7 27. Qe2 Nd4 28. Nxd4 Bxd4 29. Bg3 Rc4 30. Rd3 Rac8 31. Rd2 Qb6 32. Rad1 Bc5 33. Kh2 Be7 34. f4 Qb3 35. Bf2 Rc2 36. Rxc2 Rxc2 37. Rd2 Rc4 38. g3 b5 39. Kg2 b4 40. axb4 Bxb4 41. Rd3 Qc2 42. Qxc2 Rxc2 43. b3 Be1 44. Rf3 Rb2 45. Kf1 Bxf2 46. Rxf2 Rxb3 47. Kg2 Kf8 48. Ra2 Rb7 49. Ra8+ Ke7 50. Rg8 Rb2+ 51. Kf3 Rb3+ 52. Kf2 d4 53. Rxg7 Re3 54. Rg4 Re4 55. Rh4 d3 56. Rh1 f6 57. exf6+ Kxf6 58. Rd1 Rd4 59. Ke3 Rd5 60. Ke4 d2 61. g4 Rd7 62. Ke3 e5 63. f5 Kg5 64. Rxd2 Re7 65. Rg2 e4 66. Rg1 Re8 67. Rg2 Re7 68. Kd4 Re8 69. Rg3 Re7 70. Rg1 Re8 71. Rf1 Re7 72. f6 Rf7 73. Kxe4 Kxg4 74. Rg1+ Kxh5 75. Kf5 Kh4 76. Rh1+ Kg3 77. Rxh6 Rf8 78. Rg6+ Kf3 79. Rg7 Rb8 80. f7 Rb5+ 81. Kg6 Rb6+ 82. Kh7 Rb8 83. Rg8 Rf8 84. Rxf8 1-0


[Site "https://www.chess.com"]

[Event "Titled Tuesday Blitz August 17 2021"]
[White "Khodzhamkuliev, Bahadur"]
[Black "Prraneeth Vuppala"]
[WhiteFideId "24135046"]
[BlackFideId "46622373"]
[WhiteElo "2130"]
[BlackElo "1759"]
[Result "1/2-1/2"]
[Round "09"]
[TimeControl "180+1"]
[Date "2021.08.17"]
[WhiteClock "0:00:47"]
[BlackClock "0:00:26"]

1. Nf3 d5 2. c4 d4 3. d3 Nc6 4. g3 e5 5. Bg2 Bb4+ 6. Bd2 a5 7. O-O Nf6 8. Bg5 O-O 9. Nbd2 h6 10. Bxf6 Qxf6 11. a3 Bc5 12. Ne4 Qe7 13. Nxc5 Qxc5 14. Nd2 Be6 15. b4 axb4 16. axb4 Nxb4 17. Bxb7 Rxa1 18. Qxa1 c6 19. Qa3 Qb6 20. Rb1 c5 21. Bg2 Bd7 22. Bd5 Bc6 23. Bxc6 Qxc6 24. Qa5 Ra8 25. Qb5 Qxb5 26. cxb5 Rb8 27. Nc4 Rxb5 28. Nxe5 Ra5 29. Nd7 g5 30. Nxc5 Nd5 31. Ne4 f5 32. Nd6 Nc3 33. Rb8+ Kh7 34. Re8 1/2-1/2


[Site "https://www.chess.com"]

[Event "Titled Tuesday Blitz August 17 2021"]
[White "Khumalo, Keith"]
[Black "Gracia Alvarez, Gerardo Antonio"]
[WhiteFideId "14319470"]
[BlackFideId "5109124"]
[WhiteElo "1992"]
[BlackElo "2148"]
[Result "0-1"]
[Round "09"]
[TimeControl "180+1"]
[Date "2021.08.17"]
[WhiteClock "0:00:30"]
[BlackClock "0:00:03"]

1. d4 Nf6 2. c4 c5 3. d5 b5 4. Qc2 b4 5. e4 d6 6. b3 g6 7. Bb2 Bg7 8. f4 O-O 9. Nf3 e6 10. dxe6 Bxe6 11. Be2 Nc6 12. Nbd2 Re8 13. O-O Qc7 14. Rad1 Rad8 15. f5 Bxf5 16. exf5 Rxe2 17. fxg6 hxg6 18. Qd3 Rde8 19. Ng5 Nd4 20. Bxd4 cxd4 21. Ndf3 Ng4 22. Nxd4 Rxa2 23. Qh3 Nh6 24. Kh1 Qc5 25. Qd7 Rf8 26. Ne4 Qe5 27. Nxd6 Qg5 28. Qh3 Ng4 29. Nf3 Qh5 30. Qxh5 gxh5 31. Rd2 Rxd2 32. Nxd2 Rd8 33. N2e4 Ne3 34. Rxf7 Be5 35. Rf3 Ng4 36. Rd3 Bxd6 37. Rxd6 Re8 38. h3 Rxe4 39. hxg4 hxg4 40. Rd8+ Kf7 41. Rd7+ Ke6 42. Rxa7 g3 43. Ra1 Re3 44. Rb1 Ke5 45. Kg1 Re2 46. Kf1 Rf2+ 47. Kg1 Kd4 48. Rf1 Rb2 49. Rc1 Kc5 50. Kf1 Rxb3 51. Ke2 Rc3 52. Rh1 Rxc4 53. Rh5+ Kd4 54. Rg5 Rc2+ 55. Kf3 Rc3+ 56. Kf4 b3 57. Rg8 Kd3 58. Kxg3 Kc2+ 59. Kf4 b2 60. Rb8 Rb3 61. Rc8+ Kd2 62. Rd8+ Ke2 63. Re8+ Kf2 64. g4 b1=Q 0-1


[Site "https://www.chess.com"]

[Event "Titled Tuesday Blitz August 17 2021"]
[White "Kiseljova, Marya"]
[Black "Lamotte Tavares, Patrick"]
[WhiteFideId "4155009"]
[BlackFideId "5120950"]
[WhiteElo "1814"]
[BlackElo "1915"]
[Result "1-0"]
[Round "09"]
[TimeControl "180+1"]
[Date "2021.08.18"]
[WhiteClock "0:00:06"]
[BlackClock "0:00:20"]

1. d4 Nf6 2. Bf4 g6 3. Nc3 d5 4. e3 Bg7 5. h4 h5 6. Be2 O-O 7. Nf3 Bg4 8. Ne5 Bxe2 9. Qxe2 Nbd7 10. f3 c5 11. O-O-O cxd4 12. exd4 Nb6 13. Qd2 Rc8 14. g4 Nc4 15. Nxc4 Rxc4 16. g5 Ne8 17. Qe3 e6 18. Be5 Bxe5 19. Qxe5 Nd6 20. Ne2 Nf5 21. c3 b5 22. Nf4 Qb6 23. Kd2 b4 24. Rb1 Qa6 25. Ra1 bxc3+ 26. bxc3 Rfc8 27. Rhc1 Qa5 28. Nxe6 fxe6 29. Qxe6+ Kh7 30. Qf7+ Ng7 31. Re1 Rxd4+ 32. Ke3 Qxc3+ 33. Kf2 Rd2+ 34. Kg3 Rd3 35. Re7 Rxf3+ 36. Qxf3 Qxf3+ 37. Kxf3 Rc4 38. Rd1 Rxh4 39. Rd7 Rg4 40. R1xd5 Ra4 41. Re5 Ra3+ 42. Ke4 Ra4+ 43. Kd3 h4 44. Ree7 h3 45. Rxg7+ Kh8 46. Rh7+ Kg8 47. Rhg7+ Kf8 48. Rh7 Kg8 49. Rdg7+ Kf8 50. Rxg6 Ra3+ 51. Kc4 a5 52. Rd6 Ra4+ 53. Kb5 Rg4 54. Kxa5 Rxg5+ 55. Kb6 Kg8 56. Rc7 Rf5 57. Rd8+ Rf8 58. Rxf8+ Kxf8 59. Rc3 Kf7 60. Rxh3 Ke6 61. a4 Kf5 62. a5 Kg4 63. Rb3 Kf4 64. Rb5 Ke4 65. a6 1-0


[Site "https://www.chess.com"]

[Event "Titled Tuesday Blitz August 17 2021"]
[White "Kislov, Oleg"]
[Black "Devaev, Alexander"]
[WhiteFideId "13503774"]
[BlackFideId "4169395"]
[WhiteElo "2252"]
[BlackElo "2185"]
[Result "1-0"]
[Round "09"]
[TimeControl "180+1"]
[Date "2021.08.17"]
[WhiteClock "0:00:33"]
[BlackClock "0:00:20"]

1. e4 c6 2. d4 d5 3. Nc3 dxe4 4. Nxe4 Nf6 5. Nxf6+ exf6 6. c3 Bd6 7. Bd3 Na6 8. Ne2 Nc7 9. Qc2 h5 10. Be3 Be6 11. Nf4 Bxf4 12. Bxf4 Nd5 13. Bd2 Qd7 14. O-O-O O-O-O 15. c4 Ne7 16. Bc3 Bf5 17. Rhe1 Bxd3 18. Qxd3 Ng6 19. g3 h4 20. d5 hxg3 21. hxg3 cxd5 22. cxd5 Kb8 23. Kb1 Rhe8 24. a3 Rxe1 25. Bxe1 Ne7 26. d6 Nc6 27. Bc3 Re8 28. f4 Re6 29. Qd5 g6 30. f5 gxf5 31. Qxf5 Ne5 32. Rd5 Rxd6 33. Qxd7 Rxd7 34. Bxe5+ Kc8 35. Rxd7 1-0


[Site "https://www.chess.com"]

[Event "Titled Tuesday Blitz August 17 2021"]
[White "Kononenko, Dmitry"]
[Black "Wagh Suyog"]
[WhiteFideId "14113538"]
[BlackFideId "25071688"]
[WhiteElo "2276"]
[BlackElo "2219"]
[Result "1-0"]
[Round "09"]
[TimeControl "180+1"]
[Date "2021.08.17"]
[WhiteClock "0:00:23"]
[BlackClock "0:00:01"]

1. d4 g6 2. e4 Bg7 3. f4 c6 4. Nf3 d5 5. e5 h5 6. Be3 Nh6 7. Nbd2 O-O 8. c3 a5 9. Bd3 Bf5 10. Qc2 a4 11. Bf2 Nd7 12. Bh4 c5 13. Bg5 c4 14. Bxf5 Nxf5 15. Nf1 f6 16. Bh4 a3 17. Bf2 b5 18. h3 fxe5 19. fxe5 e6 20. bxa3 h4 21. Rb1 Rxa3 22. Rxb5 Qa8 23. Rb2 Rb8 24. Rxb8+ Qxb8 25. Ne3 Qa7 26. O-O Rxa2 27. Qb1 Ra3 28. Nxf5 gxf5 29. Qb4 Bf8 30. Qb5 Qc7 31. Be1 Be7 32. Bxh4 Bxh4 33. Nxh4 Rxc3 34. Qa6 Nf8 35. Nxf5 exf5 36. Rxf5 Rg3 37. Qa8 Qg7 38. Qxd5+ Kh8 39. Rh5+ Nh7 40. e6 Re3 41. Qd8+ Qg8 42. Rxh7+ Kxh7 43. Qh4+ Kg7 44. Qg5+ Kh7 45. Qxe3 Qb8 46. e7 Qe8 47. d5 Kg7 48. d6 Kf7 49. Qe5 c3 50. Qd5+ Kf6 51. d7 c2 52. dxe8=Q c1=Q+ 53. Kh2 Qf4+ 54. Kg1 Qc1+ 55. Kh2 Qf4+ 56. g3 Qf2+ 57. Qg2 Qe3 58. Qf8+ Kg6 59. e8=Q+ Kh7 60. Qef7# 1-0


[Site "https://www.chess.com"]

[Event "Titled Tuesday Blitz August 17 2021"]
[White "Kvon, Andrey"]
[Black "Plotnikov, Pavel"]
[WhiteFideId "14201356"]
[BlackFideId "4170342"]
[WhiteElo "2458"]
[BlackElo "2298"]
[Result "1-0"]
[Round "09"]
[TimeControl "180+1"]
[Date "2021.08.17"]
[WhiteClock "0:00:27"]
[BlackClock "0:00:01"]

1. e4 e5 2. f4 exf4 3. Bc4 d5 4. Bxd5 Nf6 5. Nf3 Nxd5 6. exd5 Qxd5 7. Nc3 Qe6+ 8. Kf2 Be7 9. Re1 Qd6 10. Qe2 Be6 11. d4 c6 12. Ne4 Qd5 13. c4 Qd8 14. Bxf4 O-O 15. Rad1 Nd7 16. d5 cxd5 17. cxd5 Bg4 18. d6 Bh4+ 19. Bg3 Bxg3+ 20. Kxg3 Bxf3 21. Qxf3 h6 22. Rd5 Rc8 23. Re2 Rc4 24. b3 Rxe4 25. Rxe4 Nf6 26. Re7 Nxd5 27. Qxd5 Qb6 28. h3 Qa6 29. Rxf7 Rxf7 30. d7 Qf1 31. d8=Q+ Kh7 32. Qd3+ Qf5 33. Kh2 g5 34. Q8d7 Qxd3 35. Qxd3+ Kg7 36. Qd4+ Kg6 37. Qxa7 Kh7 38. a4 Kg7 39. a5 Kg6 40. Qb6+ Rf6 41. Qxb7 Rf7 42. a6 Rf6 43. a7 Rf7 44. Qe4+ Kh5 45. a8=Q Rf4 46. Qae8+ Rf7 47. g4+ Kh4 48. Qe1+ 1-0


[Site "https://www.chess.com"]

[Event "Titled Tuesday Blitz August 17 2021"]
[White "Ladan, Nicholas"]
[Black "Sadovsky, Artem"]
[WhiteFideId "30918855"]
[BlackFideId "4155840"]
[WhiteElo "2366"]
[BlackElo "2442"]
[Result "0-1"]
[Round "09"]
[TimeControl "180+1"]
[Date "2021.08.18"]
[WhiteClock "0:01:14"]
[BlackClock "0:00:07"]

1. d4 f5 2. g4 d5 3. gxf5 Bxf5 4. Nf3 Nd7 5. c4 e6 6. Nc3 Ngf6 7. Qb3 Be7 8. cxd5 exd5 9. Rg1 O-O 10. Bh6 Rf7 11. Nxd5 Nxd5 12. Qxd5 Bb4+ 13. Bd2 Bxd2+ 14. Nxd2 Qf6 15. e3 Be6 16. Qg2 Bd5 17. Qg3 c5 18. dxc5 Nxc5 19. Rc1 Rc8 20. Rc3 b6 21. Bh3 Rcf8 22. f4 Re8 23. Kf2 Na4 24. Rd3 Ba8 25. Qg5 Nxb2 26. Rd7 Qxg5 27. Rxg5 Rxd7 28. Bxd7 Rd8 29. Be6+ Kf8 30. Ne4 Bxe4 31. f5 h6 32. Rg4 Rd2+ 33. Kg3 Rg2+ 34. Kf4 Rxg4+ 35. Kxg4 Nd3 36. Kh5 Ne5 37. Bb3 Ke7 38. Be6 Kf6 39. h4 Bf3# 0-1


[Site "https://www.chess.com"]

[Event "Titled Tuesday Blitz August 17 2021"]
[White "Lashkin, Jegor"]
[Black "Popilski, Gil"]
[WhiteFideId "13907808"]
[BlackFideId "2809060"]
[WhiteElo "2293"]
[BlackElo "2537"]
[Result "1-0"]
[Round "09"]
[TimeControl "180+1"]
[Date "2021.08.17"]
[WhiteClock "0:00:25"]
[BlackClock "0:00:03"]

1. d4 Nf6 2. c4 e6 3. Nf3 d5 4. Nc3 Be7 5. Bf4 O-O 6. e3 b6 7. Bd3 dxc4 8. Bxc4 Bb7 9. O-O Nbd7 10. Qe2 a6 11. Rfd1 b5 12. Bd3 c5 13. dxc5 Bxc5 14. Ne5 Qe7 15. Nxd7 Nxd7 16. Ne4 Bxe4 17. Bxe4 Rad8 18. Bc7 Rc8 19. Bg3 Nf6 20. Bd3 Rfd8 21. a4 bxa4 22. Rxa4 Bd6 23. Bxd6 Rxd6 24. Rxa6 Rxa6 25. Bxa6 Rb8 26. Bc4 h5 27. h3 Qc5 28. b3 Qe5 29. Rd4 Ne4 30. Qc2 Nc5 31. b4 Nb7 32. Qd1 Qf6 33. Qxh5 Nd8 34. Qc5 Ra8 35. Rd1 Ra1 36. Rxa1 Qxa1+ 37. Kh2 Qf6 38. f4 Kh7 39. Bd3+ g6 40. b5 Nb7 41. Qd4 Qe7 42. Be4 Nd6 43. b6 Nxe4 44. Qxe4 Qd8 45. Qb4 Qd3 1-0


[Site "https://www.chess.com"]

[Event "Titled Tuesday Blitz August 17 2021"]
[White "Lauridsen, Jesper Morch"]
[Black "Golubev, Mikhail"]
[WhiteFideId "1401890"]
[BlackFideId "14100983"]
[WhiteElo "2323"]
[BlackElo "2374"]
[Result "0-1"]
[Round "09"]
[TimeControl "180+1"]
[Date "2021.08.18"]
[WhiteClock "0:00:55"]
[BlackClock "0:00:26"]

1. e4 c5 2. Nf3 d6 3. d4 Nf6 4. Nc3 cxd4 5. Nxd4 g6 6. Be3 Bg7 7. f3 O-O 8. Qd2 Nc6 9. Bc4 Nxd4 10. Bxd4 Be6 11. Bb3 Qa5 12. O-O Nd7 13. Bxg7 Kxg7 14. f4 Rac8 15. f5 Bxb3 16. Qd4+ Qe5 17. Qxe5+ Nxe5 18. axb3 a6 19. h3 gxf5 20. exf5 f6 21. Rf2 Kf7 22. Ra4 Rg8 23. Rh4 Rg7 24. Nd5 Rc5 25. Nf4 Rxc2 26. Rxc2 Nf3+ 27. Kf1 Nxh4 28. Ne6 Nxf5 29. Nxg7 Ne3+ 30. Kf2 Nxc2 31. Nf5 Na1 32. Nd4 e5 33. Nf5 Ke6 34. Ng7+ Kd7 35. b4 Nc2 36. Kf3 Nxb4 37. Ke4 d5+ 38. Kf5 d4 39. Kxf6 d3 40. Nf5 d2 41. Ne3 Nd5+ 42. Nxd5 d1=Q 0-1


[Site "https://www.chess.com"]

[Event "Titled Tuesday Blitz August 17 2021"]
[White "Ljukin, Sergei"]
[Black "Potapova, Margarita"]
[WhiteFideId "14102200"]
[BlackFideId "14126869"]
[WhiteElo "2309"]
[BlackElo "2214"]
[Result "0-1"]
[Round "09"]
[TimeControl "180+1"]
[Date "2021.08.17"]
[WhiteClock "0:01:53"]
[BlackClock "0:01:25"]

1. e4 c5 2. Nf3 d6 3. d4 cxd4 4. Nxd4 Nf6 5. Nc3 a6 6. Bg5 e6 7. f4 h6 8. Bh4 Qb6 9. a3 Be7 10. Bf2 Qc7 11. Qe2 b5 12. e5 dxe5 13. fxe5 Nfd7 14. Bg3 Bb7 15. O-O-O O-O 16. Kb1 Nb6 17. Qh5 Bxa3 18. Ne4 Bxe4 19. bxa3 Na4 20. Bd3 Qc3 21. Kc1 Qxd4 0-1


[Site "https://www.chess.com"]

[Event "Titled Tuesday Blitz August 17 2021"]
[White "Lock, Gavin R"]
[Black "Shishkov, Andrei"]
[WhiteFideId "408646"]
[BlackFideId "4500563"]
[WhiteElo "2104"]
[BlackElo "2322"]
[Result "0-1"]
[Round "09"]
[TimeControl "180+1"]
[Date "2021.08.18"]
[WhiteClock "0:00:04"]
[BlackClock "0:00:07"]

1. d4 d5 2. Nf3 Bf5 3. g3 e6 4. Bg2 c6 5. c4 h6 6. Nc3 Nf6 7. Qb3 Qb6 8. c5 Qc7 9. Bf4 Qc8 10. Nd2 g5 11. Be5 Nbd7 12. e4 Nxe5 13. dxe5 Nxe4 14. Bxe4 dxe4 15. Ndxe4 Be7 16. O-O-O Qc7 17. Nd6+ Bxd6 18. exd6 Qd7 19. Qc4 O-O-O 20. f3 h5 21. b4 a6 22. Kb2 Kb8 23. Rhe1 f6 24. Na4 e5 25. Nb6 Qe6 26. Qxe6 Bxe6 27. a4 Ka7 28. Kc3 Bf5 29. Rd2 Rhe8 30. Re3 Bg6 31. a5 e4 32. fxe4 Bxe4 33. Rde2 f5 34. h4 gxh4 35. gxh4 Rg8 36. Kd4 Rg1 37. Ke5 Rb1 38. Rg3 Rxb4 39. Rg7 Rb5 40. Ke6 Rxc5 41. Ke7 Rh8 42. d7 Re5+ 43. Kd6 Rxa5 44. Nc8+ Kb8 45. Ne7 Ra1 46. Rf2 Rd1+ 47. Ke5 Rxd7 48. Nxf5 Rxg7 49. Nxg7 Rg8 50. Ne6 Bd5 51. Nf4 Re8+ 52. Kd4 Ka7 53. Nxh5 b6 54. Nf6 Rh8 55. Nxd5 cxd5 56. Kxd5 Rh5+ 57. Kc6 a5 58. Rf7+ Ka6 59. Rf4 Rh6+ 60. Kd5 Kb5 61. Kd4 a4 62. Kc3 Ka5 63. Kb2 b5 64. Rg4 Rf6 65. Re4 Rf2+ 66. Kc3 Rh2 67. Rg4 Rh3+ 68. Kb2 b4 69. Kc2 a3 70. Kb1 Ka4 71. Rg8 Kb3 72. Rg3+ Rxg3 0-1


[Site "https://www.chess.com"]

[Event "Titled Tuesday Blitz August 17 2021"]
[White "Lopez Gracia, Fernando"]
[Black "Oliveira, Silvio Eduardo"]
[WhiteFideId "2207184"]
[BlackFideId "2111560"]
[WhiteElo "2370"]
[BlackElo "2302"]
[Result "1-0"]
[Round "09"]
[TimeControl "180+1"]
[Date "2021.08.17"]
[WhiteClock "0:02:09"]
[BlackClock "0:01:43"]

1. c4 e6 2. Nf3 d5 3. e3 Nf6 4. b3 b6 5. g3 Bb7 6. Bg2 c5 7. cxd5 Nxd5 8. Bb2 Nd7 9. O-O N5f6 10. d4 cxd4 11. Nxd4 Bxg2 12. Kxg2 Qc7 13. Nc3 Qb7+ 14. Qf3 Qxf3+ 15. Nxf3 Rc8 16. Rac1 Be7 17. Nb5 O-O 18. Nxa7 Rxc1 19. Rxc1 Ra8 20. Nc6 Bf8 21. a4 Nd5 22. Nce5 Nc5 23. Bd4 Nxb3 24. Rb1 Nxd4 25. Nxd4 Rxa4 26. Nd7 Rb4 27. Ra1 Nc7 28. Rc1 Bd6 29. Rc6 Ne8 30. Rc8 1-0


[Site "https://www.chess.com"]

[Event "Titled Tuesday Blitz August 17 2021"]
[White "Makhnev, Denis"]
[Black "Timmermans, Mark"]
[WhiteFideId "13707647"]
[BlackFideId "1026399"]
[WhiteElo "2537"]
[BlackElo "2460"]
[Result "0-1"]
[Round "09"]
[TimeControl "180+1"]
[Date "2021.08.17"]
[WhiteClock "0:00:15"]
[BlackClock "0:01:13"]

1. d4 Nf6 2. c4 e6 3. Nf3 d5 4. Nc3 dxc4 5. e3 a6 6. Bxc4 b5 7. Bd3 Bb7 8. O-O Nbd7 9. e4 c5 10. d5 exd5 11. exd5 Be7 12. d6 Bxd6 13. Bxb5 O-O 14. Qxd6 axb5 15. Nxb5 Ba6 16. Nc7 Bxf1 17. Nxa8 Bxg2 18. Kxg2 Qxa8 19. Bf4 h6 20. h3 Rb8 21. b3 Rxb3 22. axb3 Qxa1 23. Ne5 Nxe5 24. Bxe5 Qa8+ 25. Kg1 Ne4 26. Qd3 Ng5 27. Bc3 Nf3+ 28. Kf1 Nh4 29. Qg3 Qh1+ 30. Ke2 Qe4+ 31. Kd2 Nf3+ 32. Kc1 Nd4 33. Bxd4 Qe1+ 34. Kc2 cxd4 35. Kd3 Qc3+ 36. Ke4 f5+ 37. Kf4 g5+ 38. Kxf5 Qxg3 39. fxg3 d3 40. b4 d2 41. b5 d1=Q 42. b6 Qd7+ 43. Kg6 Qc6+ 44. Kh5 Qxb6 45. g4 Kg7 46. h4 Qg6# 0-1


[Site "https://www.chess.com"]

[Event "Titled Tuesday Blitz August 17 2021"]
[White "Maksimovic, Bojan"]
[Black "Ronka, Erik"]
[WhiteFideId "14408120"]
[BlackFideId "505080"]
[WhiteElo "2439"]
[BlackElo "2264"]
[Result "1-0"]
[Round "09"]
[TimeControl "180+1"]
[Date "2021.08.17"]
[WhiteClock "0:01:57"]
[BlackClock "0:00:06"]

1. e4 c6 2. Bc4 d5 3. Bb3 e6 4. d4 dxe4 5. Nc3 Nf6 6. f3 Bb4 7. fxe4 Nxe4 8. Qf3 Nxc3 9. bxc3 Qxd4 10. Ne2 Qe5 11. Bf4 Qf6 12. Bxb8 Qxf3 13. gxf3 Bxc3+ 14. Nxc3 Rxb8 15. O-O-O Ke7 16. Ne4 Bd7 17. Rd6 Rbd8 18. Rhd1 Bc8 19. Rxd8 Rxd8 20. Rxd8 Kxd8 21. Nd6 Kc7 22. Nxf7 c5 23. Kd2 Bd7 24. Ng5 b6 25. Nxe6+ Kd6 26. Nxg7 b5 27. c4 b4 28. Bc2 a5 29. Bxh7 a4 30. Bc2 b3 31. axb3 a3 32. Bb1 Bf5 33. Nxf5+ 1-0


[Site "https://www.chess.com"]

[Event "Titled Tuesday Blitz August 17 2021"]
[White "Martin Carmona, Gaston Manuel"]
[Black "Woodward, Andy"]
[WhiteFideId "22284567"]
[BlackFideId "30953499"]
[WhiteElo "2161"]
[BlackElo "2137"]
[Result "0-1"]
[Round "09"]
[TimeControl "180+1"]
[Date "2021.08.17"]
[WhiteClock "0:01:39"]
[BlackClock "0:00:51"]

1. e4 c5 2. Nf3 d6 3. d4 cxd4 4. Nxd4 Nf6 5. f3 e5 6. Nb3 d5 7. Bg5 d4 8. c3 Nc6 9. cxd4 exd4 10. N1d2 h6 11. Bh4 Bd6 12. a3 O-O 13. Bd3 Ne5 14. Nc4 Nxc4 15. Bxc4 Qc7 16. Rc1 Bxh2 17. Bxf7+ Qxf7 18. Rxh2 Nxe4 19. fxe4 Qf1+ 20. Kd2 Qf4+ 21. Kd3 Qxh2 22. Qh5 Qxg2 23. Nxd4 Bg4 24. Qd5+ Kh8 25. Be7 Rf1 26. Rxf1 Qxf1+ 27. Ke3 Re8 28. Qxb7 Qf7 29. Nc6 Qe6 30. e5 Qd7 31. Qa6 Rxe7 32. Nxe7 Qxe7 33. Qa5 Be6 34. b4 h5 35. b5 Qc5+ 36. Kf4 Qd4+ 37. Kf3 Bd5+ 0-1


[Site "https://www.chess.com"]

[Event "Titled Tuesday Blitz August 17 2021"]
[White "Martin, Lewis"]
[Black "Manon-og, Ramon Jr."]
[WhiteFideId "410551"]
[BlackFideId "5200776"]
[WhiteElo "2145"]
[BlackElo "2237"]
[Result "1-0"]
[Round "09"]
[TimeControl "180+1"]
[Date "2021.08.18"]
[WhiteClock "0:00:16"]
[BlackClock "0:00:03"]

1. e4 e5 2. Nf3 Nc6 3. Bb5 a6 4. Ba4 b5 5. Bb3 Bc5 6. O-O Nf6 7. d3 h6 8. Nc3 O-O 9. a3 d6 10. h3 Be6 11. Bxe6 fxe6 12. Be3 Nd4 13. Bxd4 Bxd4 14. Nxd4 exd4 15. Ne2 e5 16. f4 Qe7 17. Qe1 Qe8 18. Ng3 Nh5 19. f5 Nxg3 20. Qxg3 Kh7 21. Rf3 g6 22. Raf1 gxf5 23. Rxf5 Rxf5 24. exf5 Qf7 25. f6 Rg8 26. Qf3 Qg6 27. g4 h5 28. Kh2 hxg4 29. hxg4 Qxg4 30. Qxg4 Rxg4 31. f7 Rh4+ 32. Kg3 Rf4 33. f8=Q Rxf8 34. Rxf8 Kg7 35. Rc8 c5 36. Rc6 Kf6 37. Rxd6+ Kf5 38. Rxa6 e4 39. dxe4+ Kxe4 40. Rd6 c4 41. Kf2 d3 42. cxd3+ cxd3 43. Ke1 Ke3 44. Re6+ Kd4 45. Kd2 Kc4 46. Re4+ Kb3 47. Rb4+ Ka2 48. Kxd3 Kb1 49. Kd2 Ka2 50. Kc2 Ka1 51. a4 Ka2 52. axb5 Ka1 53. Ra4# 1-0


[Site "https://www.chess.com"]

[Event "Titled Tuesday Blitz August 17 2021"]
[White "Martins, Igor Carvalho Ribeiro"]
[Black "sganerdene"]
[WhiteFideId "2162962"]
[WhiteElo "2460"]
[BlackElo "2598"]
[Result "0-1"]
[Round "09"]
[TimeControl "180+1"]
[Date "2021.08.17"]
[WhiteClock "0:00:36"]
[BlackClock "0:00:36"]

1. Nf3 Nf6 2. c4 g6 3. Nc3 Bg7 4. e4 d6 5. d4 O-O 6. Be2 Na6 7. Bf4 Bg4 8. O-O Nd7 9. d5 c6 10. Nd4 Bxe2 11. Ndxe2 Qb6 12. Qd2 Rac8 13. Be3 Qa5 14. b3 Rfe8 15. Rac1 cxd5 16. Nxd5 Qxd2 17. Bxd2 Nac5 18. f3 e6 19. Ndc3 a6 20. Be3 Bf8 21. Rfd1 Ne5 22. Rc2 Nc6 23. Nd4 Ne5 24. Rcd2 Bg7 25. Nde2 Bf8 26. h3 h6 27. Kf2 g5 28. g4 Ng6 29. Rh1 Nd7 30. Rhd1 Nde5 31. Nd4 b5 0-1


[Site "https://www.chess.com"]

[Event "Titled Tuesday Blitz August 17 2021"]
[White "Matinian, Nikita"]
[Black "Kezin, Roman"]
[WhiteFideId "24129100"]
[BlackFideId "24124621"]
[WhiteElo "2410"]
[BlackElo "2570"]
[Result "0-1"]
[Round "09"]
[TimeControl "180+1"]
[Date "2021.08.17"]
[WhiteClock "0:00:08"]
[BlackClock "0:01:31"]

1. e4 c5 2. Nc3 b6 3. g4 Bb7 4. Bg2 h5 5. g5 h4 6. h3 g6 7. Nge2 Bg7 8. d3 d6 9. f4 e6 10. O-O Ne7 11. Be3 Nbc6 12. Qe1 Qd7 13. Qf2 d5 14. d4 cxd4 15. Nxd4 dxe4 16. Rad1 O-O-O 17. Ndb5 Nd5 18. Nxe4 Qe7 19. c4 Nxe3 20. Qxe3 Kb8 21. Ned6 Ba8 22. Rd2 Rd7 23. c5 Rhd8 24. Rfd1 a6 25. Bxc6 Bxc6 26. Nd4 Bd5 27. b4 Rc7 28. Qa3 Rxd6 29. cxd6 Qxd6 30. Qxa6 Qxf4 31. Qxb6+ Kc8 32. Qa6+ Kd7 33. Qf1 Bxd4+ 34. Rxd4 Qg3+ 0-1


[Site "https://www.chess.com"]